NWL (28 & UNDER)
MOOSE JAW GHOSTBUSTERS @ RIVERSIDE RED BULLS
08/04/2029
 
TOP OF THE 1ST
Moose Jaw Ghostbusters batting - Pitching for Riverside Red Bulls : RHP Bret Oliver
Pitching: RHP Bret Oliver
Batting: LHB Darren Holland 0-0: Foul Ball, location: 2F
0-1: Foul Ball, location: 2F
0-2: DOUBLE (Flyball, 8RD)
Batting: LHB John Stone 0-0: Ground out 5-3 (Groundball, 5)
Batting: RHB Billy Mullins 0-0: Called Strike
0-1: Called Strike
0-2: Foul Ball, location: 2F
0-2: Ball
1-2: Ball
2-2: Strikes out swinging
Batting: RHB Yasuhiko Sumita 0-0: Foul Ball, location: 2F
0-1: Foul Ball, location: 2F
0-2: Strikes out looking
Top of the 1st over - 0 runs, 1 hit, 0 errors, 1 left on base; Moose Jaw 0 - Riverside 0
BOTTOM OF THE 1ST
Riverside Red Bulls batting - Pitching for Moose Jaw Ghostbusters : RHP A.J. Wellman
Pitching: RHP A.J. Wellman
Batting: RHB Donovan James 0-0: Ball
1-0: Ball
2-0: Ball
3-0: Base on Balls
Batting: LHB José Guillén 0-0: Called Strike
Donovan James steals 2nd base
0-1: Called Strike
Donovan James steals 3rd base
0-2: Fly out, F4 (Flyball, 4D)
Batting: LHB Miguel Gálvez 0-0: Called Strike
0-1: Swinging Strike
0-2: Foul Ball, location: 2F
0-2: Ground out 4-3 (Groundball, 4)
Donovan James scores
Batting: RHB Ricardo Guzmán 0-0: Ball
1-0: Ball
2-0: Ball
3-0: Base on Balls
Batting: LHB Gabriel Estrada Balk!
Ricardo Guzmán to second
0-0: Ball
1-0: Ball
2-0: Foul Ball, location: 2F
2-1: Ball
3-1: Base on Balls
Batting: RHB John Burton 0-0: Called Strike
0-1: Swinging Strike
0-2: Foul Ball, location: 2F
0-2: Fielders Choice at 2nd, U6 (Groundball, 6M)
Bottom of the 1st over - 1 run, 0 hits, 0 errors, 2 left on base; Moose Jaw 0 - Riverside 1
TOP OF THE 2ND
Moose Jaw Ghostbusters batting - Pitching for Riverside Red Bulls : RHP Bret Oliver
Batting: LHB Jon Rogers 0-0: Swinging Strike
0-1: Foul Ball, location: 2F
0-2: Fly out, F9 (Line Drive, 89XD)
Batting: RHB Henry Barker 0-0: Ball
1-0: Swinging Strike
1-1: Ball
2-1: Ball
3-1: Base on Balls
Batting: LHB Tony Beck 0-0: Ground out U3 (Groundball, 34S)
Henry Barker to second
Batting: RHB Johnny MacNamara 0-0: Ball
1-0: Called Strike
1-1: Foul Ball, location: 2F
1-2: Ball
2-2: Foul Ball, location: 2F
2-2: Ball
3-2: Foul Ball, location: 2F
3-2: Foul Ball, location: 2F
3-2: Strikes out swinging
Top of the 2nd over - 0 runs, 0 hits, 0 errors, 1 left on base; Moose Jaw 0 - Riverside 1
BOTTOM OF THE 2ND
Riverside Red Bulls batting - Pitching for Moose Jaw Ghostbusters : RHP A.J. Wellman
Batting: RHB Robert Stevens 0-0: Foul Ball, location: 2F
0-1: Called Strike
0-2: Strikes out swinging
Batting: SHB Ángel Estrada 0-0: Ball
1-0: Fly out, F8 (Flyball, 8RM)
Batting: RHB Juan Morales 0-0: Ball
1-0: Ground out 6-3 (Groundball, 6)
Bottom of the 2nd over - 0 runs, 0 hits, 0 errors, 0 left on base; Moose Jaw 0 - Riverside 1
TOP OF THE 3RD
Moose Jaw Ghostbusters batting - Pitching for Riverside Red Bulls : RHP Bret Oliver
Batting: SHB Martín Cruz 0-0: Ball
1-0: Ball
2-0: Ball
3-0: Called Strike
3-1: Foul Ball, location: 2F
3-2: SINGLE (Line Drive, 7S)
Batting: LHB Darren Holland 0-0: Ball
1-0: Ball
2-0: Ground out 5-3 (Groundball, 56S)
Martín Cruz to second
Batting: LHB John Stone 0-0: Foul Ball, location: 2F
0-1: Foul Ball, location: 2F
0-2: Fly out, F7 (Flyball, 7S)
Batting: RHB Billy Mullins 0-0: Ball
1-0: Ball
2-0: Called Strike
2-1: Swinging Strike
2-2: Ball
3-2: Base on Balls
Batting: RHB Yasuhiko Sumita 0-0: 3-RUN HOME RUN (Flyball, 7LD), Distance : 380 ft
Batting: LHB Jon Rogers 0-0: Called Strike
0-1: Ball
1-1: Foul Ball, location: 2F
1-2: Ground out U3 (Groundball, 3)
Top of the 3rd over - 3 runs, 2 hits, 0 errors, 0 left on base; Moose Jaw 3 - Riverside 1
BOTTOM OF THE 3RD
Riverside Red Bulls batting - Pitching for Moose Jaw Ghostbusters : RHP A.J. Wellman
Batting: RHB Donovan James 0-0: Called Strike
0-1: Ground out 6-3 (Groundball, 6M)
Batting: LHB José Guillén 0-0: Called Strike
0-1: Fly out, F8 (Flyball, 8RD)
Batting: LHB Miguel Gálvez 0-0: Foul Ball, location: 2F
0-1: Foul Ball, location: 2F
0-2: Ball
1-2: Ball
2-2: Ball
3-2: Base on Balls
Batting: RHB Ricardo Guzmán 0-0: Ball
1-0: Called Strike
1-1: Called Strike
1-2: Fly out, F6 (Flyball, 6MD)
Bottom of the 3rd over - 0 runs, 0 hits, 0 errors, 1 left on base; Moose Jaw 3 - Riverside 1
TOP OF THE 4TH
Moose Jaw Ghostbusters batting - Pitching for Riverside Red Bulls : RHP Bret Oliver
Batting: RHB Henry Barker 0-0: Called Strike
0-1: Ground out 5-3 (Groundball, 5S)
Batting: LHB Tony Beck 0-0: Foul Ball, location: 2F
0-1: Foul Ball, location: 2F
0-2: Ground out 4-3 (Groundball, 4M)
Batting: RHB Johnny MacNamara 0-0: Foul Ball, location: 2F
0-1: SOLO HOME RUN (Flyball, 7LD), Distance : 404 ft
Batting: SHB Martín Cruz 0-0: Ball
1-0: Called Strike
1-1: Ball
2-1: Ball
3-1: Base on Balls
Batting: LHB Darren Holland 0-0: Called Strike
0-1: Ball
1-1: Ball
2-1: Ball
3-1: Ground out U3 (Groundball, 34S)
Top of the 4th over - 1 run, 1 hit, 0 errors, 1 left on base; Moose Jaw 4 - Riverside 1
BOTTOM OF THE 4TH
Riverside Red Bulls batting - Pitching for Moose Jaw Ghostbusters : RHP A.J. Wellman
Batting: LHB Gabriel Estrada 0-0: Ball
1-0: Ball
2-0: Ball
3-0: Foul Ball, location: 2F
3-1: Base on Balls
Batting: RHB John Burton 0-0: Ball
Gabriel Estrada is caught stealing 2nd base
1-0: Ball
2-0: Ball
3-0: Base on Balls
Batting: RHB Robert Stevens 0-0: Ball
1-0: Called Strike
1-1: Fly out, F8 (Flyball, 8RD)
Batting: SHB Ángel Estrada 0-0: Ball
1-0: Fly out, F7 (Line Drive, 7)
Bottom of the 4th over - 0 runs, 0 hits, 0 errors, 1 left on base; Moose Jaw 4 - Riverside 1
TOP OF THE 5TH
Moose Jaw Ghostbusters batting - Pitching for Riverside Red Bulls : RHP Bret Oliver
Batting: LHB John Stone 0-0: Ball
1-0: Foul Ball, location: 2F
1-1: SINGLE (Line Drive, 5D)
Batting: RHB Billy Mullins 0-0: Ball
1-0: Ball
2-0: SINGLE (Groundball, 34D)
John Stone to second
Runner from 2nd tries for 3rd, SAFE, throw made to third
Batting: RHB Yasuhiko Sumita 0-0: Ball
1-0: Ball
2-0: Foul Ball, location: 2F
2-1: Ball
3-1: Base on Balls
Billy Mullins to second
Batting: LHB Jon Rogers 0-0: Fly out, F9 (Flyball, 9LM)
Runner from 3rd tags up, OUT at HOME
Billy Mullins to third
Yasuhiko Sumita to second
Batting: RHB Henry Barker 0-0: Called Strike
0-1: SINGLE (Flyball, 8RS)
Billy Mullins scores
Yasuhiko Sumita to third
Runner from 3rd tries for Home, SAFE, no throw
Batting: LHB Tony Beck 0-0: Ball
1-0: Foul Ball, location: 2F
1-1: Foul Ball, location: 2F
1-2: Foul Ball, location: 2F
1-2: Ground out 4-3 (Groundball, 34)
Top of the 5th over - 2 runs, 3 hits, 0 errors, 1 left on base; Moose Jaw 6 - Riverside 1
BOTTOM OF THE 5TH
Riverside Red Bulls batting - Pitching for Moose Jaw Ghostbusters : RHP A.J. Wellman
Batting: RHB Juan Morales 0-0: Called Strike
0-1: Ball
1-1: Ball
2-1: Fly out, F6 (Popup, 6)
Batting: RHB Donovan James 0-0: Called Strike
0-1: SOLO HOME RUN (Flyball, 9LD), Distance : 405 ft
Batting: LHB José Guillén 0-0: Called Strike
0-1: Ground out U3 (Groundball, 3L)
Batting: LHB Miguel Gálvez 0-0: Called Strike
0-1: SINGLE (Flyball, 78S)
Batting: RHB Ricardo Guzmán 0-0: Ball
Miguel Gálvez is caught stealing 2nd base
Bottom of the 5th over - 1 run, 2 hits, 0 errors, 0 left on base; Moose Jaw 6 - Riverside 2
TOP OF THE 6TH
Moose Jaw Ghostbusters batting - Pitching for Riverside Red Bulls : RHP Bret Oliver
Pitching: RHP Júlio Vargas
Batting: RHB Johnny MacNamara 0-0: Ground out 3-1 (Groundball, 34)
Batting: SHB Martín Cruz 0-0: Ball
1-0: Foul Ball, location: 2F
1-1: Foul Ball, location: 2F
1-2: SOLO HOME RUN (Flyball, 9LD), Distance : 405 ft
Batting: LHB Darren Holland 0-0: Ball
1-0: Swinging Strike
1-1: Swinging Strike
1-2: Ball
2-2: Foul Ball, location: 2F
2-2: Strikes out looking
Batting: LHB John Stone 0-0: Ball
1-0: Foul Ball, location: 2F
1-1: Ground out U3 (Groundball, 3)
Top of the 6th over - 1 run, 1 hit, 0 errors, 0 left on base; Moose Jaw 7 - Riverside 2
BOTTOM OF THE 6TH
Riverside Red Bulls batting - Pitching for Moose Jaw Ghostbusters : RHP A.J. Wellman
Batting: RHB Ricardo Guzmán 0-0: Ball
1-0: Ball
2-0: Called Strike
2-1: SINGLE (Groundball, 56S) (infield hit)
Batting: LHB Gabriel Estrada 0-0: Ball
1-0: Foul Ball, location: 2F
1-1: Ball
2-1: SINGLE (Flyball, 5D)
Ricardo Guzmán to second
Batting: RHB John Burton 0-0: Ball
1-0: Called Strike
1-1: DOUBLE (Line Drive, 7LD)
Ricardo Guzmán scores
Gabriel Estrada to third
Batting: RHB Robert Stevens 0-0: Ball
1-0: Ball
2-0: Ground out 6-3 (Groundball, 6)
Gabriel Estrada scores
Batting: SHB Ángel Estrada 0-0: Called Strike
0-1: Foul Ball, location: 2F
0-2: Strikes out swinging
Batting: RHB Juan Morales 0-0: Fly out, F8 (Flyball, 8LM)
Bottom of the 6th over - 2 runs, 3 hits, 0 errors, 1 left on base; Moose Jaw 7 - Riverside 4
TOP OF THE 7TH
Moose Jaw Ghostbusters batting - Pitching for Riverside Red Bulls : RHP Júlio Vargas
Batting: RHB Billy Mullins 0-0: Ball
1-0: Ball
2-0: Called Strike
2-1: Ball
3-1: Base on Balls
Batting: RHB Yasuhiko Sumita 0-0: Foul Ball, location: 2F
0-1: Ground out 4-3 (Groundball, 34)
Billy Mullins to second
Batting: LHB Jon Rogers 0-0: Intentional Walk
Batting: RHB Henry Barker 0-0: Ball
1-0: Ball
2-0: Ball
3-0: Called Strike
3-1: Base on Balls
Billy Mullins to third
Jon Rogers to second
Batting: LHB Tony Beck 0-0: Called Strike
0-1: Swinging Strike
0-2: Grounds into double play, 3-2-3 (Groundball, 34)
Top of the 7th over - 0 runs, 0 hits, 0 errors, 2 left on base; Moose Jaw 7 - Riverside 4
BOTTOM OF THE 7TH
Riverside Red Bulls batting - Pitching for Moose Jaw Ghostbusters : RHP A.J. Wellman
Batting: RHB Donovan James 0-0: Fly out, F7 (Line Drive, 78M)
Batting: LHB José Guillén 0-0: Ground out 6-3 (Groundball, 6)
Batting: LHB Miguel Gálvez 0-0: Called Strike
0-1: Fly out, F9 (Flyball, 89M)
Bottom of the 7th over - 0 runs, 0 hits, 0 errors, 0 left on base; Moose Jaw 7 - Riverside 4
TOP OF THE 8TH
Moose Jaw Ghostbusters batting - Pitching for Riverside Red Bulls : RHP Júlio Vargas
Batting: RHB Johnny MacNamara 0-0: Ball
1-0: Ball
2-0: Ball
3-0: Called Strike
3-1: Base on Balls
Batting: SHB Martín Cruz 0-0: Called Strike
Johnny MacNamara is caught stealing 2nd base
0-1: Called Strike
0-2: Foul Ball, location: 2F
0-2: Ball
1-2: SINGLE (Flyball, 78M)
Batting: LHB Darren Holland 0-0: Swinging Strike
0-1: Ball
1-1: Foul Ball, location: 2F
1-2: Ball
2-2: Strikes out swinging
Batting: LHB John Stone 0-0: Ball
1-0: Fly out, F7 (Line Drive, 7D)
Top of the 8th over - 0 runs, 1 hit, 0 errors, 1 left on base; Moose Jaw 7 - Riverside 4
BOTTOM OF THE 8TH
Riverside Red Bulls batting - Pitching for Moose Jaw Ghostbusters : RHP A.J. Wellman
Batting: RHB Ricardo Guzmán 0-0: Ball
1-0: Foul Ball, location: 2F
1-1: Called Strike
1-2: Fly out, F8 (Flyball, 8LM)
Batting: LHB Gabriel Estrada 0-0: Ball
1-0: Ground out 3-1 (Groundball, 34)
Batting: RHB John Burton 0-0: Called Strike
0-1: Foul Ball, location: 2F
0-2: Foul Ball, location: 2F
0-2: Ball
1-2: Ball
2-2: Foul Ball, location: 2F
2-2: Foul Ball, location: 2F
2-2: Strikes out swinging
Bottom of the 8th over - 0 runs, 0 hits, 0 errors, 0 left on base; Moose Jaw 7 - Riverside 4
TOP OF THE 9TH
Moose Jaw Ghostbusters batting - Pitching for Riverside Red Bulls : RHP Júlio Vargas
Batting: RHB Billy Mullins 0-0: SINGLE (Flyball, 78S) - OUT at second base trying to stretch hit.
Batting: RHB Yasuhiko Sumita 0-0: Ball
1-0: Called Strike
1-1: Swinging Strike
1-2: Ball
2-2: Ball
3-2: Foul Ball, location: 2F
3-2: Base on Balls
Batting: LHB Jon Rogers 0-0: Swinging Strike
0-1: Ball
1-1: Ball
2-1: Called Strike
2-2: Ball
3-2: Foul Ball, location: 2F
3-2: Foul Ball, location: 2F
3-2: Foul Ball, location: 2F
3-2: Fly out, F7 (Flyball, 7D)
Batting: RHB Henry Barker 0-0: Foul Ball, location: 2F
0-1: Called Strike
0-2: 2-RUN HOME RUN (Line Drive, 7LD), Distance : 392 ft
Batting: LHB Tony Beck 0-0: Ball
1-0: Called Strike
1-1: Fly out, F7 (Flyball, 7S)
Top of the 9th over - 2 runs, 2 hits, 0 errors, 0 left on base; Moose Jaw 9 - Riverside 4
BOTTOM OF THE 9TH
Riverside Red Bulls batting - Pitching for Moose Jaw Ghostbusters : RHP A.J. Wellman
Batting: RHB Robert Stevens 0-0: Called Strike
0-1: Called Strike
0-2: Ball
1-2: Ball
2-2: Foul Ball, location: 2F
2-2: Ball
3-2: Strikes out swinging
Pitching: RHP Juan Arreola
Batting: SHB Ángel Estrada 0-0: Ball
1-0: Foul Ball, location: 2F
1-1: Reached on error, E4 (Groundball, 4)
Batting: RHB Juan Morales 0-0: Foul Ball, location: 2F
0-1: Fly out, F7 (Flyball, 78S)
Batting: RHB Donovan James 0-0: Swinging Strike
0-1: Called Strike
0-2: Ball
1-2: Fly out, F4 (Line Drive, 4M)
Bottom of the 9th over - 0 runs, 0 hits, 1 error, 1 left on base; Moose Jaw 9 - Riverside 4
Saturday, December 16th, 2017 - OOTP Baseball 18.8 Build 76